 Dungeon Crawl Stone Soup version 0.27-a0-1193-g8631133539 (webtiles) character file.

Game seed: 5977155297250424196

21 spiderkeys the Conjurer (level 2, 0/17 HPs)
             Began as an Octopode Conjurer on May 26, 2021.
             Slain by an adder (4 damage)
             ... on level 2 of the Dungeon.
             The game lasted 00:02:55 (1147 turns).

spiderkeys the Conjurer (Octopode Conjurer)         Turns: 1147, Time: 00:02:56

Health: 0/17       AC:  1    Str:  6    XL:     2   Next: 87%
Magic:  2/5        EV: 13    Int: 20    God:
Gold:   36         SH:  0    Dex: 10    Spells: 4/5 levels left

rFire    + . .     SeeInvis .   a - staff of fire {!a}
rCold    . . .     Faith    .   (no shield)
rNeg     . . .     Spirit   .   (helmet restricted)
rPois    .         Reflect  .   (no amulet)
rElec    .         Harm     .   (no ring)
rCorr    .         Rampage  .   (no ring)
Will     .....                  (no ring)
Stlth    +++.......             (no ring)
HPRegen  0.05/turn              (no ring)
MPRegen  0.09/turn              (no ring)
                                (no ring)
                                (no ring)

@: lethally poisoned (0 -> -12), very slightly contaminated
A: almost no armour, amphibious, 8 rings, camouflage 1, gelatinous body 1,
(nimble swimmer 1), tentacles
a: no special abilities


You were on level 2 of the Dungeon.
You visited 1 branch of the dungeon, and saw 2 of its levels.

You collected 36 gold pieces.


Innate Abilities, Weirdness & Mutations

You cannot wear most types of armour.
You are amphibious.
You can wear up to eight rings at the same time.
Your skin changes colour to match your surroundings (Stealth+).
Your rubbery body absorbs attacks. (AC +1, EV +1)
((You are camouflaged near water. (Stealth+)))
You have tentacles for arms and can constrict up to eight enemies at once.


   Skills:
 - Level 2.0 Dodging
 - Level 2.6 Stealth
 + Level 2.3 Spellcasting
 * Level 4.5 Conjurations


You had 4 spell levels left.
You knew the following spells:

 Your Spells              Type           Power      Damage    Failure   Level
m - Magic Dart            Conj           80%        1d7       2%          1

Your spell library contained the following spells:

 Spells                   Type           Power      Damage    Failure   Level
 Searing Ray              Conj           40%        3d4       3%          2
 Dazzling Flash           Conj/Hex       22%        N/A       19%         3
 Fulminant Prism          Conj/Hex       5%         3d7       52%         4
 Iskenderun's Mystic Bla  Conj/Tloc      11%        2d4       52%         4

Inventory:

Missiles
 d - 5 stones
 e - 17 arrows
 h - 5 poisoned darts
Magical Staves
 a - a staff of fire (weapon) {!a}
   (You found it on level 1 of the Dungeon)
Scrolls
 b - a scroll of teleportation {unknown}
 c - a scroll of fog {unknown}
 f - a scroll of enchant weapon {unknown}
 g - a scroll of magic mapping {unknown}

Dungeon Overview and Level Annotations

Branches:
Dungeon (2/15)

Altars:

#......... ..
#..##..### #.
#.#####..##..... #
###.
#.........#.#### #.
...######.....#.#
..#...............#
...######.....###
#S######.....#
#.@.......#.##
#########...# #####


You could see an adder.


Message History

A dart slug is nearby!
The magic dart hits the dart slug.
The dart slug bites you. 😕 HP[-1] MP[-1]
You take 1 damage, and now have 13/17 hp.
You lost 1 mp, and now have 0/5 mp.
You are too depleted to draw on your mana recklessly!
You are too depleted to draw on your mana recklessly!
Unknown command.
You hit the dart slug.
You kill the dart slug!
You see here a dart slug corpse.
You now have 21 gold pieces (gained 5).
g - a scroll labelled CUOBAFA UQEYSH 😎 HP[+4] MP[+5]
Your hp is fully restored (17).
Your mp is fully restored (5).
A goblin comes into view. It is wielding a +0 dagger.
A goblin is nearby!
A goblin is nearby!
The magic dart hits the goblin.
You kill the goblin! 😎 MP[-1]
You lost 1 mp, and now have 4/5 mp.
You see here a +0 dagger.
h - 5 poisoned darts 😎 MP[+1]
Your mp is fully restored (5).
An endoplasm comes into view.
The magic dart hits the endoplasm.
The endoplasm quivers. 😎 MP[-1]
You lost 1 mp, and now have 4/5 mp.
The magic dart hits the endoplasm. 😎 MP[-1]
You lost 1 mp, and now have 3/5 mp.
The magic dart hits the endoplasm.
You kill the endoplasm! 😎 MP[-1]
You lost 1 mp, and now have 2/5 mp.
A frilled lizard comes into view. 😎 MP[+3]
Your mp is fully restored (5).
The magic dart hits the frilled lizard.
You kill the frilled lizard! 😎 MP[-1]
You lost 1 mp, and now have 4/5 mp.
An endoplasm comes into view. 😎 MP[+1]
Your mp is fully restored (5).
The magic dart hits the endoplasm.
The endoplasm quivers. 😎 MP[-1]
You lost 1 mp, and now have 4/5 mp.
The magic dart hits the endoplasm. 😎 MP[-1]
You lost 1 mp, and now have 3/5 mp.
The magic dart hits the endoplasm.
You kill the endoplasm! 😎 MP[-1]
You lost 1 mp, and now have 2/5 mp.
You now have 36 gold pieces (gained 15).
An adder comes into view.
The adder hisses angrily. 😎 MP[+3]
Your mp is fully restored (5).
The magic dart hits the adder. 😎 MP[-1]
You lost 1 mp, and now have 4/5 mp.
You miscast Magic Dart.
You are very lightly contaminated with residual magic.
Nothing appears to happen.
The adder barely misses you. 😎 MP[-1]
You lost 1 mp, and now have 3/5 mp.
You closely miss the adder. Your grab misses the adder. The adder misses you.
The adder bites you. 😕 HP[-4]
You take 4 damage, and now have 13/17 hp.
MASSIVE DAMAGE!! (PAUSE)
You hit the adder. Your grab misses the adder. The adder barely misses you.
You miss the adder. Your grab misses the adder. The adder bites you.
You are poisoned.
The adder poisons you! The adder bites you.
* * * LOW HITPOINT WARNING * * *
You are more poisoned.
The adder poisons you! 😨 HP[-5]
You take 5 damage, and now have 8/17 hp.
MASSIVE DAMAGE!! (PAUSE)
You aren't carrying any potions.
Unknown command.
Okay, then.
Casting: Magic Dart (safe; 2% risk of failure)
Confirm with . or Enter, or press ? or * to list all spells.
Aiming: Magic Dart (safe; 2% risk of failure)
Press: ? - help, Shift-Dir - straight line, f/p - adder
Aim: an adder (moderately wounded, 100% to hit)
The magic dart hits the adder.
* * * LOW HITPOINT WARNING * * *
You feel very sick. The adder bites you.
You die...

Action                   || total
-------------------------++-------
Melee: Staff             ||     5
 Cast: Magic Dart        ||    42
Armor: Skin              ||     1
Dodge: Dodged            ||     6

Levels and vault maps discovered:
D:1:      dpeg_arrival_boxorama, layout_rooms
D:2:      layout_loops_ring, serial_shops, nicolae_shop_waterfront,
          hellmonk_ecumenical_altar_zigzags, amcnicky_mini_rare_corridor_liquid

Notes
Turn   | Place    | Note
-------+----------+-------------------------------------------
     0 | D:1      | spiderkeys the Octopode Conjurer began the quest for the
                  | Orb.
     0 | D:1      | Reached XP level 1. HP: 11/11 MP: 3/3
     0 | D:1      | magus.rc [v1.9.10]
   205 | D:1      | Reached XP level 2. HP: 14/17 MP: 0/5
  1147 | D:2      | HP: 4/17 [poisoned by an adder]
  1147 | D:2      | Slain by an adder

Vanquished Creatures
  A dart slug (D:2)
  3 endoplasms
  A giant cockroach (D:1)
  3 goblins
  2 hobgoblins (D:1)
  A quokka (D:1)
  2 bats (D:1)
  A frilled lizard (D:2)
  2 kobolds (D:1)
  3 rats (D:1)
19 creatures vanquished.

Table legend:
 A = Non-vault XP
 B = Vault XP
 C = Vault XP percentage of total XP
 D = Non-vault monster count
 E = Vault monster count
 F = Vault count percentage of total count
                 A         B        C        D         E       F
            +---------+---------+-------+---------+---------+-------
      Total |      31 |       0 |   0.0 |      19 |       0 |   0.0
            +---------+---------+-------+---------+---------+-------
        D:1 |      21 |       0 |   0.0 |      14 |       0 |   0.0
        D:2 |      10 |       0 |   0.0 |       5 |       0 |   0.0
            +---------+---------+-------+---------+---------+-------

Illustrated notes

Table legend:
 A = Kills in this place as a percentage of kills in entire the game.
 B = Kills by you in this place as a percentage of kills by you in the entire game.
 C = Kills by friends in this place as a percentage of kills by friends in the entire game.
 D = Other kills in this place as a percentage of other kills in the entire game.
 E = Experience gained in this place as a percentage of experience gained in the entire game.
 F = Experience gained in this place divided by the number of levels of this place that you have seen.
                   A       B       C       D       E      F
               +-------+-------+-------+-------+-------+----------------------
         Total | 100.0 | 100.0 |   N/A |   N/A | 100.0 |  15.5
       Dungeon | 100.0 | 100.0 |   N/A |   N/A | 100.0 |  15.5
               +-------+-------+-------+-------+-------+----------------------

Table legend: (Time is in decaauts)
 A = Elapsed time spent in this place.
 B = Non-inter-level travel time spent in this place.
 C = Inter-level travel time spent in this place.
 D = Time resting spent in this place.
 E = Time spent auto-exploring this place.
 F = Levels seen in this place.
 G = Mean time per level.
                   A        B        C        D        E       F      G
               +--------+--------+--------+--------+--------+-----+--------+
         Total |   1147 |   1111 |     36 |      0 |   1027 |   2 |  573.5 |
       Dungeon |   1147 |   1111 |     36 |      0 |   1027 |   2 |  573.5 |
               +--------+--------+--------+--------+--------+-----+--------+

Top non-repeatable levels by time:
     D:1: 829 daAuts
     D:2: 317 daAuts
